Map: 2000 атмосфер РВ

Players

ИИ 1 (эксперт)

  • Race: Protoss Protoss

Doll - Winner!

  • Race: Terran Terran
  • League: Master

VOD

Have the link to the VOD?

Description

Time

  • Played on: Aug. 4, 2021, 3:43 p.m.
  • Length: 10:49
Show
View Real Time Build Order
Export as new Build Order

ИИ 1 (эксперт) Protoss 

Build Orders: 1 Gate Expand, Colossus Rush 

Get SALT Encoding   

  12  0:00  Probe  
  13  0:13  Probe  
  14  0:19  Pylon  
  14  0:25  Probe  
  15  0:34  Probe  
  15  0:42  Probe  
  17  0:50  Gateway  
  17  0:52  Probe  
  18  1:00  Probe  
  19  1:15  Nexus  
  19  1:16  Probe  
  20  1:28  Probe  
  21  1:36  Pylon  
  21  1:39  Zealot  
  23  1:46  Cybernetics Core  
  23  1:49  Assimilator  
  24  1:54  Probe  
  24  2:02  Probe  
  25  2:10  Probe  
  26  2:19  Probe  
  26  2:22  Pylon  
  26  2:27  Probe x2  
  28  2:34  Gateway, Warp Gate  
  28  2:36  Probe  
  29  2:40  Assimilator  
  30  2:51  Pylon  
  30  2:52  Stalker, Probe  
  30  2:55  Probe  
  34  3:02  Probe  
  35  3:07  Probe  
  36  3:13  Probe  
  36  3:15  Adept  
  36  3:19  Probe  
  38  3:21  Adept  
  42  3:29  Robotics Facility, Probe  
  42  3:32  Probe  
  44  3:41  Probe  
  44  3:42  Adept  
  44  3:44  Probe  
  48  3:51  Adept  
  48  3:53  Probe  
  51  3:56  Probe  
  51  4:02  Pylon  
  52  4:05  Probe  
  52  4:06  Probe  
  54  4:12  Adept  
  54  4:16  Pylon  
  56  4:18  Probe  
  56  4:20  Robotics Bay  
  57  4:26  Gateway  
  57  4:28  Probe, Observer  
  57  4:29  Adept  
  60  4:33  Probe  
  60  4:34  Pylon  
  62  4:49  Robotics Facility  
  62  4:56  Stalker, Pylon  
  62  4:58  Zealot  
  66  5:11  Pylon  
  66  5:14  Gateway  
  66  5:18  Stalker  
  66  5:19  Zealot  
  66  5:20  Zealot  
  72  5:33  Zealot  
  74  5:37  Colossus  
  74  5:43  Probe  
  74  5:44  Pylon  
  81  5:59  Nexus  
  81  6:02  Assimilator  
  81  6:06  Forge  
  81  6:11  Twilight Council  
  81  6:12  Assimilator  
  81  6:15  Forge  
  81  6:23  Pylon  
  81  6:25  Probe  
  82  6:34  Probe  
  82  6:35  Probe  
  84  6:44  Photon Cannon  
  84  6:46  Pylon  
  84  6:47  Probe  
  84  6:48  Warp Prism  
  84  6:52  Templar Archives  
  85  6:55  Stalker  
  89  7:02  Photon Cannon  
  89  7:04  Sentry  
  91  7:12  Zealot x2, Probe x2  
  91  7:13  Probe  
  98  7:20  Assimilator  
  98  7:23  Stalker  
  98  7:24  Pylon, Probe  
  98  7:25  Probe x2  
  98  7:26  Assimilator  
  98  7:27  Sentry  
  105  7:30  High Templar  
  105  7:33  Stalker  
  105  7:35  Probe  
  110  7:37  Probe  
  110  7:38  Probe  
  110  7:40  Protoss Ground Weapons Level 1  
  110  7:43  Probe  
  112  7:46  Photon Cannon, High Templar  
  112  7:48  Pylon  
  112  7:49  Probe  
  112  7:50  Probe  
  112  7:51  Stalker, Probe  
  119  7:55  Stalker  
  122  8:00  Archon  
  122  8:01  Probe  
  122  8:03  Probe x2, High Templar  
  127  8:09  Photon Cannon  
  127  8:11  Photon Cannon  
  127  8:14  Zealot, Probe  
  127  8:15  Probe  
  127  8:16  Probe  
  127  8:17  Stalker  
  127  8:18  High Templar  
  131  8:23  Pylon  
  131  8:26  Probe  
  115  8:27  Probe  
  115  8:33  Zealot  
  116  8:34  Zealot  
  116  8:35  Zealot  
  116  8:38  Probe  
  116  8:39  Probe  
  116  8:43  Pylon  
  112  8:50  Stalker, Probe  
  112  8:51  Zealot, Probe  
  112  8:54  Stalker  
  112  8:55  Zealot  
  120  9:02  Probe  
  119  9:03  Probe  
  119  9:04  High Templar  
  112  9:11  Pylon  
  112  9:13  Zealot  
  112  9:14  Probe  
  112  9:15  Probe, Sentry  
  110  9:17  Stalker  
  72  9:33  Zealot  
  72  9:34  Stalker  
  72  9:36  Zealot x2  
  72  9:38  Adept  
  72  9:40  Stalker  
  68  9:50  Zealot  
  67  9:57  Zealot  
  67  9:58  Zealot  
  67  9:59  Zealot  
  67  10:03  Zealot x2  
  68  10:12  Templar Archives  
  55  10:17  Stalker  
  55  10:19  Zealot, Sentry  
  41  10:22  Nexus  
  41  10:26  Pylon  
  41  10:27  Assimilator  
  37  10:34  Assimilator  
Show
View Real Time Build Order
Export as new Build Order

Doll Terran - Winner!

Build Orders:  

Get SALT Encoding   

  12  0:00  SCV  
  13  0:12  SCV  
  14  0:19  Supply Depot  
  14  0:25  SCV  
  15  0:44  SCV  
  15  0:45  Barracks  
  16  0:57  SCV  
  17  1:13  Command Center  
  17  1:16  SCV  
  18  1:30  Refinery  
  19  1:32  SCV  
  19  1:33  Marine  
  20  1:45  Orbital Command  
  20  1:51  Marine  
  20  1:53  Supply Depot  
  21  2:03  Refinery  
  21  2:10  SCV  
  21  2:11  Marine  
  23  2:22  SCV  
  24  2:26  Orbital Command  
  24  2:33  Factory  
  24  2:34  SCV  
  25  2:42  Marine  
  26  2:46  SCV  
  26  2:47  Barracks  
  28  2:51  SCV  
  28  2:59  Marine  
  28  3:01  SCV  
  28  3:03  Bunker, SCV  
  31  3:14  SCV  
  31  3:16  SCV  
  31  3:19  Supply Depot  
  33  3:22  Starport, Marine  
  33  3:26  SCV  
  35  3:28  Factory Tech Lab  
  35  3:29  SCV  
  36  3:37  Starport, Marine  
  36  3:40  SCV  
  38  3:42  Barracks Tech Lab  
  38  3:43  SCV  
  39  3:54  SCV  
  40  3:56  Starport  
  40  3:57  SCV  
  40  3:58  Supply Depot  
  40  4:01  Viking  
  43  4:04  Barracks Tech Lab  
  43  4:07  SCV  
  43  4:08  Marine  
  45  4:11  SCV  
  45  4:14  Viking  
  48  4:19  Supply Depot  
  48  4:20  SCV  
  49  4:25  SCV  
  49  4:26  Marauder  
  49  4:28  Marauder  
  54  4:32  Viking  
  54  4:33  SCV  
  54  4:36  Starport Tech Lab  
  54  4:37  SCV  
  58  4:48  SCV  
  58  4:49  Refinery x2  
  58  4:50  SCV  
  60  4:53  Viking  
  60  4:55  Marine x2  
  64  5:00  Supply Depot  
  64  5:02  SCV  
  64  5:03  SCV  
  64  5:05  Viking  
  68  5:15  Marauder  
  68  5:18  Supply Depot  
  68  5:20  Supply Depot  
  70  5:22  SCV x2  
  70  5:24  Viking  
  70  5:25  Viking  
  70  5:28  Marauder  
  78  5:38  Stimpack  
  78  5:40  Command Center, SCV  
  78  5:41  SCV  
  80  5:44  Starport Tech Lab  
  80  5:47  Marauder  
  82  5:51  Supply Depot, Combat Shield  
  82  5:53  SCV  
  82  5:55  Starport Tech Lab  
  82  5:56  SCV  
  84  6:03  Supply Depot  
  86  6:04  Marauder  
  86  6:07  Banshee  
  86  6:08  SCV  
  86  6:10  SCV  
  91  6:13  Banshee  
  91  6:16  Marine  
  95  6:24  Barracks  
  95  6:26  Medivac  
  95  6:27  SCV  
  95  6:28  Engineering Bay, SCV  
  99  6:36  Engineering Bay  
  99  6:37  Marine x2  
  101  6:41  SCV x2  
  101  6:42  Factory  
  101  6:46  Supply Depot  
  103  6:51  Liberator  
  103  6:53  SCV  
  107  6:54  Orbital Command  
  107  6:56  SCV  
  107  6:57  Medivac  
  110  7:03  Viking  
  110  7:08  SCV  
  113  7:13  SCV  
  113  7:14  Barracks Tech Lab  
  113  7:15  Marauder x2  
  118  7:19  Cloaking Field  
  118  7:22  Supply Depot, SCV  
  119  7:24  Supply Depot, SCV  
  119  7:27  Factory Tech Lab  
  120  7:30  Ghost Academy, SCV  
  120  7:33  Refinery  
  120  7:35  Refinery, SCV  
  122  7:43  SCV x2  
  124  7:49  SCV  
  125  7:51  Armory  
  125  7:54  Fusion Core  
  125  7:56  Barracks  
  125  7:59  SCV x2  
  125  8:01  Marauder x3  
  125  8:03  SCV  
  134  8:09  Terran Infantry Weapons Level 1  
  134  8:10  Factory  
  134  8:26  Terran Infantry Armor Level 1  
  134  8:45  Barracks Tech Lab  
  134  9:05  Factory Tech Lab  
Tags
 
Add a new tag
Caveats
  • Supply blocks, unpowered buildings, or Contaminate may cause inaccurate times.
  • Supply counts are checked every 10 seconds.